 Dungeon Crawl Stone Soup version 0.25-a0-503-ge281fa673e (webtiles) character file.

Game seed: 17684174854079073927, levelgen mode: deterministic

868 RedPan the Magician (level 8, 0/57 HPs)
             Began as a Gnoll Wanderer on Feb 13, 2020.
             Was an Initiate of Cheibriados.
             Shot with an arrow by a centaur (8 damage)
             ... on level 5 of the Dungeon.
             The game lasted 00:14:22 (6652 turns).

RedPan the Magician (Gnoll Wanderer)                Turns: 6652, Time: 00:14:23

Health: 0/57       AC:  5    Str: 25    XL:     8   Next: 3%
Magic:  11/19      EV: 13    Int: 17    God:    Cheibriados [......]
Gold:   198        SH:  0    Dex: 16    Spells: 11/22 levels left

rFire    . . .     SeeInvis .   t - +1 halberd (venom)
rCold    . . .     Gourm    .   (shield currently unavailable)
rNeg     . . .     Faith    .   e - +3 leather armour
rPois    .         Spirit   .   j - +0 helmet
rElec    .         Reflect  .   (no cloak)
rCorr    .         Harm     .   (no gloves)
MR       .....                  (no boots)
Stlth    ++........             (no amulet)
HPRegen  0.19/turn              p - -2 ring of protection (curse)
MPRegen  0.16/turn              q - ring of the Ladybird {Str+6 Dex+3 Slay+3}

@: very slightly contaminated, slow
A: distributed training, fangs 1, strong nose
a: Bend Time, Renounce Religion


You were on level 5 of the Dungeon.
You worshipped Cheibriados.
Cheibriados was noncommittal.
You were hungry.

You visited 2 branches of the dungeon, and saw 6 of its levels.

You collected 198 gold pieces.

Inventory:

Hand Weapons
 k - a +1 flail of protection
 r - a +0 whip of draining
 t - a +1 halberd of venom (weapon)
Missiles
 b - 95 stones (quivered)
Armour
 e - a +3 leather armour (worn)
 i - a +1 robe of positive energy
 j - a +0 helmet (worn)
Jewellery
 p - a cursed -2 ring of protection (left hand)
 q - the ring of the Ladybird (right hand) {Str+6 Dex+3 Slay+3}
   (You found it on level 4 of the Dungeon)

   [ring of dexterity]

   It affects your strength (+6).
   It affects your dexterity (+3).
   It affects your accuracy and damage with ranged weapons and melee attacks
   (+3).
Wands
 c - a wand of random effects (29)
 n - a wand of flame (16)
Scrolls
 o - 2 scrolls of teleportation
 s - a scroll of enchant armour
Potions
 a - 2 potions of heal wounds
 h - 4 potions of curing
 l - 2 potions of agility
 m - a potion of brilliance {unknown}
 u - a potion of degeneration {unknown}
Comestibles
 f - 7 rations


   Skills:
 + Level 2.8 Fighting
 + Level 2.8 Short Blades
 + Level 2.8 Long Blades
 + Level 2.8 Axes
 + Level 2.8 Maces & Flails
 + Level 2.8 Polearms
 + Level 2.8 Staves
 + Level 2.8 Slings
 + Level 2.8 Bows
 + Level 2.8 Crossbows
 + Level 2.8 Throwing
 + Level 2.8 Armour
 + Level 2.8 Dodging
 + Level 2.8 Stealth
 + Level 3.9 Shields
 + Level 2.8 Unarmed Combat
 + Level 7.7 Spellcasting
 + Level 2.3 Conjurations
 + Level 2.3 Hexes
 + Level 3.2 Charms
 + Level 2.3 Summonings
 + Level 2.3 Necromancy
 + Level 2.3 Translocations
 + Level 2.3 Transmutations
 + Level 3.2 Fire Magic
 + Level 2.3 Ice Magic
 + Level 2.3 Air Magic
 + Level 5.9 Earth Magic
 + Level 2.3 Poison Magic
 + Level 3.1 Invocations
 + Level 3.9 Evocations


You had 11 spell levels left.
You knew the following spells:

 Your Spells              Type           Power        Failure   Level  Hunger
a - Sandblast             Erth           ####..       1%          1    None
b - Passwall              Tmut/Erth      ###.....     3%          2    None
c - Stone Arrow           Conj/Erth      ###...       6%          3    #......
d - Lee's Rapid Deconstr  Erth           ####......   28%         5    #####..

Your spell library contained the following spells:

 Spells                   Type           Power        Failure   Level  Hunger
 Animate Skeleton         Necr           N/A          4%          1    None
 Apportation              Tloc           ##....       4%          1    None
 Corona                   Hex            ##.....      4%          1    None
 Magic Dart               Conj           ##..         4%          1    None
 Shock                    Conj/Air       ##..         4%          1    None
 Summon Small Mammal      Summ           ##..         4%          1    None
 Searing Ray              Conj           ##....       7%          2    None
 Dazzling Flash           Conj/Hex       ##....       14%         3    #......
 Static Discharge         Conj/Air       ##......     14%         3    #......
 Petrify                  Tmut/Erth      ###.....     22%         4    ###....
 Fulminant Prism          Conj/Hex       ##........   43%         4    ###....
 Iskenderun's Mystic Bla  Conj/Tloc      ##......     43%         4    ###....


Dungeon Overview and Level Annotations

Branches:
Dungeon (5/15)             Temple (1/1) D:5

Altars:
Ashenzari
Cheibriados
Dithmenos
Elyvilon
Fedhas
Gozag
Hepliaklqana
Kikubaaqudgha
Makhleb
Nemelex Xobeh
Okawaru
Qazlal
Ru
Sif Muna
Uskayaw
Vehumet
Wu Jian
Xom
Yredelemnul
Zin
The Shining One


Innate Abilities, Weirdness & Mutations

Your experience applies equally to all skills.
You have very sharp teeth.
Your uncanny sense of smell can sniff out nearby items.


Message History

Aiming: Sandblast (safe; 1% risk of failure)
Press: ? - help, Shift-Dir - straight line, f/p - centaur
Aim: a centaur, wielding a +0 shortbow, wearing a +0 robe and quivering 18 arrows (severely wounded)
The blast of sand hits the centaur!
The centaur is almost dead.
b - 96 stones The centaur shoots an arrow.
The arrow barely misses you.
An orc comes into view. It is wielding a +0 dagger.
The centaur shoots an arrow.
The arrow hits you!
* * * LOW HITPOINT WARNING * * *
Casting: Sandblast (safe; 1% risk of failure)
Confirm with . or Enter, or press ? or * to list all spells.
Aiming: Sandblast (safe; 1% risk of failure)
Press: ? - help, Shift-Dir - straight line, f/p - centaur
Aim: a centaur, wielding a +0 shortbow, wearing a +0 robe and quivering 16 arrows (almost dead)
The blast of sand hits the centaur but does no damage.
The centaur is almost dead.
b - 95 stones The centaur shoots an arrow.
The arrow hits you!
You die...

.>.....####
..........# ###
...##.###.##### .. ∆
...##.###.....##.#
............#!#..###
##...........(.....
....#######.##..##
###.# #...(..### #.#
####.#@).# #.#
#.#.....# #..
#.##....# ##. ..#
##c.... # .## o.>..
.# .... # ... ..o


You could see a centaur and 2 orcs.

Vanquished Creatures
  A centaur (D:5)
  2 ogres (D:4)
  A howler monkey (D:4)
  A crimson imp (D:2)
  A hound (D:4)
  A gnoll shaman (D:5)
  A bullfrog skeleton (D:5)
  4 orc wizards
  Jessica (D:3)
  An iguana (D:3)
  2 worker ants
  Robin (D:3)
  5 gnolls (D:5)
  4 adders
  4 worms
  A dart slug (D:1)
  A leopard gecko (D:5)
  16 orcs
  12 bats
  6 giant cockroaches
  17 goblins
  12 hobgoblins
  7 jackals
  3 quokkas
  A ball python (D:1)
  5 frilled lizards
  12 kobolds
  10 rats
133 creatures vanquished.

Notes
Turn   | Place    | Note
-------+----------+-------------------------------------------
     0 | D:1      | RedPan the Gnoll Wanderer began the quest for the Orb.
     0 | D:1      | RedPan set off with the following items: a +0 club, a wand
                  | of random effects (15), a +0 robe, a ration; and the
                  | following spells available to memorise: Sandblast,
                  | Passwall, Shock, Stone Arrow, Static Discharge, Lee's Rapid
                  | Deconstruction, Petrify
     0 | D:1      | Reached XP level 1. HP: 13/13 MP: 8/8
    11 | D:1      | Learned a level 1 spell: Sandblast
   420 | D:1      | Reached XP level 2. HP: 18/19 MP: 10/10
  1126 | D:1      | Learned a level 2 spell: Passwall
  1618 | D:1      | Reached XP level 3. HP: 25/25 MP: 11/11
  2228 | D:2      | Reached skill level 1 in Invocations
  2315 | D:2      | Learned a level 3 spell: Stone Arrow
  2519 | D:2      | Reached skill level 1 in Fighting
  2519 | D:2      | Reached skill level 1 in Short Blades
  2519 | D:2      | Reached skill level 1 in Long Blades
  2519 | D:2      | Reached skill level 1 in Axes
  2519 | D:2      | Reached skill level 1 in Maces & Flails
  2519 | D:2      | Reached skill level 1 in Polearms
  2519 | D:2      | Reached skill level 1 in Staves
  2519 | D:2      | Reached skill level 1 in Slings
  2519 | D:2      | Reached skill level 1 in Bows
  2519 | D:2      | Reached skill level 1 in Crossbows
  2519 | D:2      | Reached skill level 1 in Throwing
  2519 | D:2      | Reached skill level 1 in Armour
  2519 | D:2      | Reached skill level 1 in Dodging
  2519 | D:2      | Reached skill level 1 in Stealth
  2519 | D:2      | Reached skill level 1 in Unarmed Combat
  2519 | D:2      | Reached XP level 4. HP: 32/32 MP: 2/13
  2656 | D:2      | Reached skill level 1 in Conjurations
  2656 | D:2      | Reached skill level 1 in Hexes
  2656 | D:2      | Reached skill level 1 in Summonings
  2656 | D:2      | Reached skill level 1 in Necromancy
  2656 | D:2      | Reached skill level 1 in Translocations
  2656 | D:2      | Reached skill level 1 in Transmutations
  2656 | D:2      | Reached skill level 1 in Ice Magic
  2656 | D:2      | Reached skill level 1 in Air Magic
  2656 | D:2      | Reached skill level 1 in Poison Magic
  3402 | D:3      | Reached XP level 5. HP: 25/37 MP: 7/14
  3687 | D:3      | Noticed Robin
  3691 | D:3      | Killed Robin
  3793 | D:3      | Learned a level 5 spell: Lee's Rapid Deconstruction
  3944 | D:3      | Noticed Jessica
  3945 | D:3      | Killed Jessica
  4163 | D:3      | Reached XP level 6. HP: 44/44 MP: 5/16
  5329 | D:4      | Reached XP level 7. HP: 47/50 MP: 10/18
  5507 | D:4      | Got a fine marble ring
  5509 | D:4      | Identified the ring of the Ladybird {Str+6 Dex+3 Slay+3}
                  | (You found it on level 4 of the Dungeon)
  6190 | D:5      | Entered Level 5 of the Dungeon
  6419 | D:5      | Found a staircase to the Ecumenical Temple.
  6430 | Temple   | Entered the Ecumenical Temple
  6608 | Temple   | Became a worshipper of Cheibriados the Contemplative
  6647 | D:5      | Reached XP level 8. HP: 36/57 MP: 15/19
  6652 | D:5      | Shot with an arrow by a centaur

Levels and vault maps discovered:
D:1:      dpeg_arrival_leaves_temple_mockup, layout_loops_corners
D:2:      layout_loops_ring, minmay_stone_trees_small, grunt_ministairs_15
D:3:      layout_loops_corners, serial_rivers, chequers_serial_rivers_small_b,
          chequers_serial_rivers_small_3, chequers_serial_rivers_micro_c,
          chequers_serial_rivers_room_a, chequers_serial_rivers_room_a,
          chequers_serial_rivers_small_b, first_ration, uniq_jessica, uniq_robin
D:4:      layout_loops_ring
D:5:      layout_rooms, minmay_temple_entry_stoned_glass, serial_shops, shop,
          uniq_duvessa
Temple:   minmay_crystal_snake_temple

Skill      XL: |  1  2  3  4  5  6  7 |
---------------+----------------------+-----
Charms         | 2 3 |  3.2
Fire Magic     | 2 3 |  3.2
Invocations    | 1 2 3 |  3.1
Fighting       | 1 2 |  2.8
Short Blades   | 1 2 |  2.8
Long Blades    | 1 2 |  2.8
Axes           | 1 2 |  2.8
Maces & Flails | 1 2 |  2.8
Polearms       | 1 2 |  2.8
Staves         | 1 2 |  2.8
Slings         | 1 2 |  2.8
Bows           | 1 2 |  2.8
Crossbows      | 1 2 |  2.8
Throwing       | 1 2 |  2.8
Armour         | 1 2 |  2.8
Dodging        | 1 2 |  2.8
Stealth        | 1 2 |  2.8
Unarmed Combat | 1 2 |  2.8
Conjurations   | 1 2 |  2.3
Hexes          | 1 2 |  2.3
Summonings     | 1 2 |  2.3
Necromancy     | 1 2 |  2.3
Translocations | 1 2 |  2.3
Transmutations | 1 2 |  2.3
Ice Magic      | 1 2 |  2.3
Air Magic      | 1 2 |  2.3
Poison Magic   | 1 2 |  2.3
Shields        | 3 |  3.9
Evocations     | 3 |  3.9
Spellcasting   | |  7.7
Earth Magic    | |  5.9

Action                   |  1- 3 |  4- 6 |  7- 9 || total
-------------------------+-------+-------+-------++-------
Melee: Club              |    98 |       |       ||    98
       Bite              |    10 |     4 |     5 ||    19
       Dagger            |     2 |    30 |       ||    32
       Flail             |       |   100 |    26 ||   126
       Halberd           |       |       |     2 ||     2
 Cast: Sandblast         |    18 |    28 |    11 ||    57
       Stone Arrow       |     7 |    27 |    23 ||    57
  Use: Scroll            |     4 |     8 |       ||    12
 Stab: Sleeping          |     1 |     2 |     1 ||     4
  Eat: Chunk             |     5 |     7 |     4 ||    16
       Ration            |       |     1 |       ||     1
Armor: Robe              |    52 |    41 |       ||    93
       Leather armour    |       |    10 |    10 ||    20
Dodge: Dodged            |    99 |    84 |    29 ||   212

Table legend:
 A = Non-vault XP
 B = Vault XP
 C = Vault XP percentage of total XP
 D = Non-vault monster count
 E = Vault monster count
 F = Vault count percentage of total count
                 A         B        C        D         E       F
            +---------+---------+-------+---------+---------+-------
      Total |    1160 |      81 |   6.5 |     118 |      15 |  11.3
            +---------+---------+-------+---------+---------+-------
        D:1 |      40 |       0 |   0.0 |      23 |       0 |   0.0
        D:2 |      97 |       6 |   5.8 |      26 |       2 |   7.1
        D:3 |     160 |      75 |  31.9 |      36 |      13 |  26.5
        D:4 |     555 |       0 |   0.0 |      23 |       0 |   0.0
        D:5 |     308 |       0 |   0.0 |      10 |       0 |   0.0
            +---------+---------+-------+---------+---------+-------
